Map: 16-Bit LE

Players

MAAPK - Winner!

  • Race: Terran Terran
  • League: Master
  • Spawn Location: 1:00

CriminalScum

  • Race: Terran Terran
  • League: Master
  • Spawn Location: 7:00

VOD

Have the link to the VOD?

Description

Time

  • Played on: June 4, 2018, 2:59 p.m.
  • Length: 28:07
Show
View Real Time Build Order
Export as new Build Order

MAAPK Terran - Winner!

Build Orders: Mech 

Get SALT Encoding   

  12  0:00  SCV  
  13  0:13  SCV  
  14  0:18  Supply Depot  
  14  0:25  SCV  
  15  0:29  Refinery  
  15  0:39  SCV  
  16  0:47  Barracks  
  16  0:52  SCV  
  17  1:04  SCV  
  19  1:18  SCV  
  19  1:34  Orbital Command  
  19  1:37  Factory  
  19  1:40  Marine  
  20  1:50  Supply Depot  
  20  2:01  SCV  
  21  2:04  Marine  
  21  2:15  SCV  
  22  2:21  Factory Tech Lab  
  22  2:27  Command Center  
  22  2:30  SCV  
  23  2:38  Supply Depot  
  23  2:43  Siege Tank  
  26  2:46  SCV  
  27  2:58  SCV  
  27  3:04  Starport  
  28  3:10  SCV  
  29  3:16  Hellion  
  29  3:23  SCV  
  29  3:24  Refinery  
  30  3:32  Supply Depot  
  30  3:44  SCV  
  30  3:46  Command Center  
  31  3:51  Orbital Command  
  31  3:58  SCV  
  32  4:03  Raven  
  32  4:05  Hellion  
  36  4:10  SCV  
  37  4:19  SCV  
  37  4:22  SCV  
  39  4:26  Hellion  
  39  4:31  SCV  
  42  4:33  Factory  
  42  4:34  SCV  
  43  4:43  SCV  
  43  4:46  SCV  
  42  4:55  SCV  
  41  5:01  SCV  
  41  5:07  SCV  
  41  5:09  Starport Reactor, Factory  
  41  5:10  Refinery x2  
  41  5:11  Engineering Bay  
  41  5:13  SCV  
  43  5:19  SCV  
  42  5:25  SCV  
  43  5:31  SCV  
  43  5:33  Factory Reactor  
  44  5:37  SCV  
  44  5:39  Siege Tank, Missile Turret  
  48  5:43  SCV  
  48  5:49  SCV  
  50  5:53  Viking x2  
  50  5:55  SCV, Factory Tech Lab  
  55  6:02  SCV  
  56  6:07  SCV  
  57  6:13  Missile Turret  
  57  6:14  Siege Tank, SCV  
  57  6:15  Hellion  
  63  6:19  Orbital Command  
  63  6:20  SCV  
  64  6:26  SCV  
  64  6:31  Siege Tank  
  64  6:32  Sensor Tower, SCV  
  69  6:38  SCV  
  70  6:43  Missile Turret  
  70  6:44  SCV  
  70  6:45  Viking  
  70  6:46  Siege Tank  
  76  6:50  SCV  
  76  6:51  Supply Depot  
  77  6:55  Supply Depot  
  77  6:56  SCV x2  
  79  7:01  Armory  
  79  7:02  SCV  
  79  7:08  SCV x2  
  82  7:13  Armory  
  82  7:14  SCV  
  83  7:17  Supply Depot  
  83  7:20  Supply Depot, SCV  
  84  7:23  SCV  
  84  7:26  SCV  
  84  7:29  Missile Turret  
  86  7:31  Hellion  
  86  7:32  SCV  
  86  7:35  SCV  
  86  7:36  Siege Tank  
  93  7:38  Viking  
  93  7:42  SCV  
  96  7:44  SCV  
  96  7:45  Hi-Sec Auto Tracking  
  96  7:47  SCV  
  96  7:50  Refinery  
  98  7:51  Refinery  
  98  7:54  SCV  
  98  7:56  SCV, Infernal Pre-Igniter  
  100  7:59  Supply Depot  
  100  8:00  Supply Depot  
  100  8:01  SCV  
  101  8:06  SCV  
  101  8:08  Viking x2  
  106  8:19  Siege Tank x2  
  114  8:20  Hellion  
  114  8:35  SCV x3  
  117  8:43  Command Center  
  117  8:44  Terran Vehicle And Ship Armor Level 1, Terran Vehicle Weapons Level 1  
  117  8:47  SCV x2  
  119  8:50  Supply Depot  
  119  8:51  Siege Tank  
  119  8:52  Supply Depot, Hellion  
  119  8:53  Supply Depot  
  124  9:00  Siege Tank, Hellion  
  124  9:02  Viking  
  131  9:07  Supply Depot  
  131  9:09  Supply Depot  
  131  9:14  Factory  
  131  9:15  SCV  
  131  9:16  SCV, Factory  
  133  9:25  Sensor Tower, SCV  
  133  9:27  SCV  
  133  9:28  SCV  
  133  9:30  Missile Turret  
  133  9:31  Missile Turret  
  136  9:32  Missile Turret, Structure Armor  
  136  9:36  Smart Servos  
  136  9:43  SCV x3  
  136  9:45  Starport  
  139  9:51  Siege Tank  
  142  10:01  Factory Tech Lab x2  
  142  10:03  Refinery, Liberator  
  142  10:05  Sensor Tower, Command Center  
  142  10:07  Siege Tank, Missile Turret  
  145  10:16  Missile Turret  
  145  10:17  Refinery  
  148  10:23  Siege Tank  
  151  10:28  Liberator  
  151  10:29  Command Center  
  151  10:46  Liberator  
  151  10:48  Siege Tank  
  151  10:49  Hellion x2  
  144  10:54  Siege Tank, Missile Turret, Hellion  
  122  11:07  Siege Tank  
  122  11:10  Hellion  
  122  11:11  Hellion  
  122  11:15  Siege Tank  
  125  11:20  Planetary Fortress, Hellion  
  125  11:22  SCV x4  
  131  11:26  Hellion  
  131  11:30  Viking  
  131  11:31  Hellion  
  137  11:34  SCV  
  137  11:36  Terran Vehicle And Ship Armor Level 2  
  137  11:39  Siege Tank  
  141  11:40  Terran Vehicle Weapons Level 2  
  141  11:41  Siege Tank  
  141  11:42  SCV  
  145  11:50  Viking  
  145  11:52  Starport Reactor  
  150  11:54  Siege Tank  
  150  11:55  Hellion x3  
  150  11:56  Orbital Command  
  150  11:59  Orbital Command  
  156  12:04  Supply Depot  
  156  12:05  Missile Turret  
  156  12:11  Siege Tank, Viking  
  156  12:14  Siege Tank  
  164  12:16  Armory, Hellion  
  166  12:50  Siege Tank x3  
  166  12:51  Viking x3, Hellion, Command Center  
  177  12:52  Viking  
  177  12:53  Command Center  
  185  13:03  Terran Ship Weapons Level 1  
  185  13:04  Liberator x2  
  185  13:06  Fusion Core  
  183  13:26  Viking x2  
  184  13:27  Siege Tank  
  187  13:56  Viking  
  183  14:07  Starport  
  183  14:08  Starport  
  175  14:14  Starport, Viking x2  
  175  14:16  Starport  
  179  14:18  Starport  
  179  14:29  Refinery  
  179  14:30  Refinery  
  152  14:40  Siege Tank x4  
  152  14:41  Hellion x2  
  155  14:47  Starport Tech Lab x2  
  155  14:57  Planetary Fortress  
  155  14:58  Missile Turret  
  155  14:59  Missile Turret  
  155  15:00  Sensor Tower  
  155  15:02  Hellion  
  155  15:03  Starport Tech Lab x2  
  157  15:07  Hellion  
  157  15:12  Siege Tank x4  
  171  15:17  Battlecruiser  
  177  15:23  Hellion  
  177  15:24  Missile Turret  
  177  15:26  Battlecruiser  
  185  15:42  Battlecruiser  
  191  15:47  Orbital Command  
  191  15:50  Battlecruiser  
  197  16:01  Starport Tech Lab  
  197  16:06  Terran Vehicle And Ship Armor Level 3  
  197  16:07  Terran Ship Weapons Level 2  
  197  16:09  Hellion  
  199  16:35  Battlecruiser  
  199  16:36  Battlecruiser  
  184  16:50  Weapon Refit  
  184  16:51  Battlecruiser  
  184  17:10  Battlecruiser  
  184  17:12  Hellion  
  184  17:13  Hellion  
  190  17:17  Command Center  
  190  17:21  Command Center  
  190  17:22  Command Center  
  190  17:24  Command Center  
  190  17:42  Battlecruiser x2  
  178  17:54  Battlecruiser  
  178  17:55  Battlecruiser  
  187  18:04  Sensor Tower  
  187  18:07  Missile Turret  
  187  18:24  Battlecruiser  
  187  18:25  Missile Turret  
  187  18:27  Missile Turret  
  193  18:29  Sensor Tower  
  193  18:31  Refinery  
  193  18:32  Terran Ship Weapons Level 3  
  194  18:34  Missile Turret, Hellion x2  
  196  18:45  Missile Turret  
  196  18:46  Missile Turret  
  193  18:57  Battlecruiser  
  174  19:19  Battlecruiser  
  175  19:27  Missile Turret x2  
  173  19:47  Planetary Fortress  
  173  19:53  Sensor Tower  
  173  19:54  Refinery  
  173  19:58  Orbital Command  
  173  20:07  Battlecruiser x2  
  185  20:19  Missile Turret, Command Center  
  185  20:20  Battlecruiser  
  185  20:21  Missile Turret  
  188  20:23  Missile Turret  
  188  20:24  Hellion x3  
  194  20:29  Hellion x3  
  200  20:37  Hellion  
  200  20:46  Sensor Tower  
  200  20:49  Command Center  
  198  21:18  Viking x2  
  199  21:38  Orbital Command  
  199  21:54  Viking  
  199  21:55  Refinery  
  199  21:59  Refinery  
  168  22:24  Battlecruiser  
  168  22:25  Battlecruiser x4  
  168  22:26  Hellion x3  
  194  22:34  Command Center  
  194  22:37  Sensor Tower  
  194  22:42  Viking  
  194  22:43  Viking x2  
  200  22:49  Missile Turret  
  200  23:04  Missile Turret  
  200  23:05  Sensor Tower  
  194  23:07  Missile Turret x3  
  194  23:08  Refinery  
  194  23:16  Orbital Command, Command Center  
  194  23:18  Command Center  
  188  23:20  Orbital Command  
  188  23:23  Refinery  
  188  23:27  Sensor Tower  
  188  23:35  Missile Turret x2  
  188  23:47  Orbital Command  
  188  23:54  Terran Vehicle Weapons Level 3  
  188  23:56  Battlecruiser x2  
  200  24:14  Missile Turret  
  191  24:24  Battlecruiser  
  189  24:33  Battlecruiser  
  189  24:34  Hellion x2  
  187  24:43  Command Center  
  187  24:55  Planetary Fortress  
  187  25:04  Battlecruiser  
  187  25:37  Battlecruiser x2  
  171  26:00  Battlecruiser  
  173  26:13  Viking  
  172  26:21  Command Center  
  170  26:31  Battlecruiser  
  172  26:38  Refinery  
  172  26:39  Refinery  
  172  26:56  Viking x4  
  172  26:57  Orbital Command  
  172  26:59  Sensor Tower  
  172  27:00  Missile Turret  
  180  27:02  Refinery  
  180  27:13  Sensor Tower  
  180  27:28  Viking x3  
  172  27:38  Refinery  
Show
View Real Time Build Order
Export as new Build Order

CriminalScum Terran 

Build Orders: Reaper Expand, Bio Tank 

Get SALT Encoding   

  12  0:00  SCV  
  13  0:12  SCV  
  14  0:19  Supply Depot  
  14  0:25  SCV  
  15  0:30  Refinery  
  15  0:41  SCV  
  16  0:46  Barracks  
  16  0:53  SCV  
  17  1:05  SCV  
  18  1:17  SCV  
  19  1:33  Orbital Command  
  19  1:34  Reaper  
  20  1:48  Command Center  
  20  2:02  SCV  
  20  2:07  Factory  
  20  2:08  Reaper  
  22  2:14  SCV  
  23  2:15  Refinery  
  23  2:27  Supply Depot  
  23  2:40  Barracks Reactor  
  23  2:48  SCV  
  24  2:52  Hellion  
  24  2:56  Starport  
  26  3:00  SCV  
  27  3:14  SCV  
  27  3:18  Marine x2  
  27  3:19  Hellion  
  32  3:23  Orbital Command  
  32  3:31  SCV  
  32  3:33  Medivac  
  35  3:36  Marine x2  
  35  3:40  Hellion  
  39  3:41  Supply Depot  
  39  3:43  SCV  
  40  3:50  SCV  
  40  3:53  Marine  
  40  3:54  Marine  
  40  3:55  SCV  
  44  4:02  SCV  
  45  4:06  Supply Depot  
  45  4:08  Factory Tech Lab  
  45  4:09  Starport Tech Lab  
  45  4:10  SCV  
  45  4:12  Marine x2  
  45  4:14  SCV  
  49  4:23  Barracks  
  49  4:26  SCV  
  49  4:27  SCV  
  49  4:30  Marine x2  
  53  4:31  Supply Depot  
  53  4:32  Raven  
  55  4:38  SCV  
  55  4:39  Siege Tank  
  55  4:42  SCV  
  57  5:00  SCV x2  
  57  5:01  Marine x2  
  57  5:06  Barracks  
  60  5:08  Supply Depot  
  60  5:10  Refinery  
  60  5:11  Refinery  
  60  5:12  SCV  
  59  5:22  Marine x2  
  59  5:23  Siege Tank  
  59  5:26  SCV x2  
  64  5:32  Stimpack  
  64  5:33  Starport Reactor  
  64  5:37  Engineering Bay  
  64  5:38  Engineering Bay  
  64  5:39  Supply Depot  
  64  5:41  Marine x3  
  67  5:43  SCV x2  
  67  5:47  Supply Depot  
  69  5:55  SCV  
  69  5:56  Marine  
  71  5:57  Siege Tank  
  71  5:59  SCV, Marine x2  
  77  6:05  Terran Infantry Weapons Level 1, Terran Infantry Armor Level 1  
  77  6:06  Marine  
  77  6:09  Medivac  
  80  6:12  Medivac  
  80  6:15  SCV x2  
  84  6:20  Supply Depot  
  84  6:22  Barracks Reactor  
  84  6:25  Barracks Tech Lab  
  84  6:26  Marine x3  
  84  6:29  Siege Tank  
  90  6:44  SCV x2, Marine x3  
  95  6:47  Command Center  
  95  6:53  Supply Depot  
  95  6:56  Supply Depot  
  95  6:59  Armory  
  95  7:02  SCV x2  
  95  7:07  Missile Turret  
  97  7:12  Supply Depot  
  97  7:13  Marine  
  97  7:14  SCV  
  99  7:16  Concussive Shells  
  99  7:20  SCV  
  99  7:22  Marauder  
  102  7:26  Marauder, SCV  
  105  7:32  Combat Shield  
  105  7:33  SCV  
  106  7:42  Marine x2  
  106  7:43  Siege Tank  
  106  7:44  Marauder, Medivac  
  115  7:48  Terran Vehicle Weapons Level 1  
  117  7:52  SCV x2  
  119  7:59  Command Center  
  119  8:04  Marine  
  121  8:06  Terran Infantry Armor Level 2  
  121  8:08  Terran Infantry Weapons Level 2  
  118  8:14  Medivac  
  118  8:16  Orbital Command  
  119  8:20  Marine  
  119  8:21  Marauder, Marine  
  119  8:22  Siege Tank  
  126  8:28  SCV  
  126  8:29  SCV  
  128  8:38  Supply Depot  
  128  8:39  Supply Depot  
  128  8:40  SCV  
  128  8:43  Marauder, Marine x2  
  128  8:46  SCV x2  
  128  8:47  Command Center  
  134  8:56  Marauder  
  134  8:58  Siege Tank  
  134  9:00  SCV x2  
  134  9:01  SCV, Marine x2  
  134  9:02  Refinery  
  143  9:04  Refinery  
  143  9:09  Marauder  
  145  9:17  Marauder, Planetary Fortress  
  145  9:18  Marine  
  145  9:19  SCV x3, Marine  
  152  9:31  Marauder, SCV x3  
  154  9:36  Marine  
  154  9:37  Barracks  
  158  9:40  Barracks  
  158  9:41  Siege Tank, Barracks  
  158  9:42  Viking x2  
  165  9:53  Terran Vehicle Weapons Level 2  
  165  9:54  Marauder, Marine  
  165  9:55  Marauder, Marine  
  165  9:59  Starport  
  171  10:01  Armory  
  171  10:04  Orbital Command  
  171  10:17  Marauder x2  
  171  10:18  Siege Tank  
  178  10:28  SCV x2  
  133  11:03  Marine  
  133  11:04  Marauder x2, Siege Tank, Marine  
  123  11:05  Medivac x2  
  128  11:12  Medivac  
  128  11:16  Barracks Tech Lab  
  130  11:18  Barracks Reactor  
  130  11:19  Barracks Tech Lab  
  130  11:21  Marine x2  
  130  11:22  SCV x2  
  133  11:25  Marauder  
  133  11:26  Refinery x2  
  133  11:28  Command Center  
  133  11:33  Marauder  
  133  11:35  Medivac x2  
  133  11:37  Siege Tank  
  133  11:39  Marine x2  
  144  11:41  Starport  
  144  11:42  Starport, Factory  
  146  11:47  Marauder  
  146  11:50  Marine  
  146  11:51  Marauder  
  146  11:54  Starport Tech Lab, Marine, Command Center x2  
  149  11:57  Marine  
  151  12:03  Terran Infantry Armor Level 3, Terran Infantry Weapons Level 3  
  151  12:05  Viking x2  
  151  12:06  Terran Vehicle And Ship Armor Level 1  
  155  12:15  Terran Ship Weapons Level 1  
  155  12:16  Marauder x2, Marine x5  
  155  12:17  Marauder  
  166  12:25  Starport Tech Lab  
  166  12:29  Starport Reactor  
  166  12:30  Raven  
  166  12:33  Marine  
  166  12:35  Marauder, Corvid Reactor  
  170  12:38  Marine  
  170  12:39  Marauder x2, Marine x3  
  170  12:42  Orbital Command  
  178  12:44  Liberator  
  177  12:53  Command Center  
  177  12:59  Marauder x2, Marine x4  
  177  13:00  Siege Tank  
  177  13:05  Liberator x2  
  191  13:07  Fusion Core  
  191  13:22  Viking  
  199  13:34  Orbital Command, Planetary Fortress  
  199  13:38  Refinery  
  199  13:39  Refinery  
  199  13:41  Factory Tech Lab  
  199  13:53  SCV x2  
  195  14:08  Viking x5  
  199  14:11  Advanced Ballistics  
  197  14:30  Liberator  
  197  14:31  Liberator x5  
  166  14:41  Marauder x2, Marine x3  
  144  14:52  Siege Tank  
  168  15:03  Orbital Command  
  168  15:11  Marauder x2, Marine x4  
  168  15:12  Marauder x2  
  177  15:23  Factory Tech Lab  
  177  15:28  Command Center  
  177  15:29  Barracks, Marine x3  
  177  15:31  Raven, Barracks  
  177  15:32  Barracks x3, Command Center  
  177  15:33  Marauder x3  
  188  15:35  Barracks  
  188  15:53  Marine x3  
  188  15:54  Marauder x4, Marine  
  200  16:05  Terran Ship Weapons Level 2  
  200  16:06  Terran Vehicle And Ship Armor Level 2  
  200  16:10  Weapon Refit  
  200  16:11  Armory  
  200  16:17  Starport  
  200  16:19  Starport  
  196  16:39  Liberator x2  
  164  16:48  Planetary Fortress  
  164  16:53  Viking x6  
  177  17:06  Liberator  
  177  17:07  Barracks Tech Lab x2  
  172  17:08  Barracks Tech Lab, Barracks Reactor x3  
  172  17:23  Viking x3  
  172  17:24  Marauder, Marine x4  
  172  17:25  Marauder  
  177  17:56  Viking x5  
  177  17:57  Viking x2  
  174  17:58  Marine x2  
  174  17:59  Marauder x5, Marine x4  
  190  18:21  Command Center  
  190  18:27  Terran Ship Weapons Level 3  
  190  18:28  Terran Vehicle And Ship Armor Level 3  
  190  18:30  Terran Vehicle Weapons Level 3  
  189  18:42  Marine x2  
  189  18:43  Marauder x3, Marine x3  
  162  19:13  Marauder x2, Marine x6  
  162  19:14  Marauder x5, Marine  
  162  19:15  Widow Mine x2, Viking x3  
  174  19:25  Viking x3  
  174  19:26  Viking  
  174  19:29  Medivac  
  177  19:50  Orbital Command  
  177  19:51  Viking x3  
  177  19:55  Viking  
  177  19:58  Planetary Fortress  
  179  20:00  Refinery  
  179  20:02  Refinery  
  179  20:18  Viking x2  
  179  20:19  Viking x2  
  180  20:21  Viking  
  180  20:26  Thor x2  
  180  20:28  Smart Servos  
  194  20:31  Infernal Pre-Igniter  
  194  20:39  Ghost Academy  
  194  20:46  Marine x2  
  194  20:47  Marauder x2  
  200  20:52  Starport Tech Lab x2  
  200  21:04  Missile Turret x3  
  200  21:05  Missile Turret  
  200  21:06  Missile Turret  
  197  21:15  Medivac  
  197  21:16  Raven  
  198  21:42  Medivac  
  200  21:49  Rapid Fire Launchers  
  191  22:01  Viking x2  
  191  22:02  Viking  
  157  22:23  Thor x2  
  157  22:24  Marine x2  
  157  22:25  Marauder  
  160  22:34  Marine x3  
  160  22:35  Marauder x3  
  169  22:37  Medivac  
  169  22:38  Raven x4, Medivac  
  181  22:51  Marine x4  
  181  22:52  Marauder x2, Marine  
  181  22:54  Viking  
  181  22:56  Marauder x2  
  196  23:08  Drilling Claws  
  196  23:19  Medivac x2  
  186  23:27  Liberator  
  186  23:34  Marauder x2, Marine x3  
  182  23:35  Marauder  
  182  23:36  Missile Turret x2  
  182  23:37  Missile Turret  
  194  23:51  Missile Turret  
  194  23:52  Missile Turret  
  194  23:54  Refinery  
  194  23:57  Missile Turret  
  194  23:58  Missile Turret  
  194  23:59  Refinery  
  194  24:00  Raven  
  194  24:01  Raven  
  162  24:39  Viking x5  
  162  24:40  Viking  
  162  24:41  Marine x3  
  162  24:42  Marauder x5, Thor x2, Marine x2  
  162  24:43  Viking x2  
  195  25:03  Marauder  
  197  25:09  Viking  
  199  25:27  Viking x2  
  184  25:37  Marauder x2, Marine x3  
  184  25:38  Marauder  
  184  25:41  Command Center  
  193  25:46  Missile Turret x2  
  193  25:48  Missile Turret  
  193  25:49  Missile Turret x2  
  188  26:01  Marauder x2, Marine x3  
  188  26:02  Marauder x2, Marine x2  
  189  26:11  Viking x2  
  189  26:12  Raven, Viking x2  
  186  26:34  Medivac x3  
  186  26:55  Raven, Orbital Command  
  188  27:04  Raven x2  
  192  27:09  Orbital Command  
  192  27:10  Missile Turret  
  192  27:13  Missile Turret x2  
  192  27:20  Raven, Viking x2  
  192  27:21  Viking  
Tags
 
Composition
Bio TankMech
Matchup
TvT
Race
Terran
Spawn Locations
Cross Positions
Add a new tag
Caveats
  • Supply blocks, unpowered buildings, or Contaminate may cause inaccurate times.
  • Supply counts are checked every 10 seconds.